AoeStats
← dean03110206

Arena

508868305Analyzed
4v4 RM · 7d ago on Sep 24, 2026· 86m 48s· 8 players
Game mode
Random Map
Map size
Large (8 player)
Population
200
Speed
Normal
Resources
Standard
Victory
Conquest
Starting age
Dark Age
Ending age
Imperial Age
RankedLock teamsTeams togetherTeam positionsShared explorationLock speedFull tech treeHidden civsTurbo modeCheats
Victory
Defeat
🇨🇳 Tatars · China
1066
+13
🇦🇺 Bulgarians · Australia
1016
+15
🇨🇳 Huns · China
1005
+15
🇨🇳 Huns · China
993
+15
🇨🇳 Cumans · China
1033
-16
🇹🇼 Celts · Taiwan
1029
-16
🇨🇳 Armenians · China
977
-14
🇨🇳 Italians · China
921
-12
Campaign NPC
7:31 Loom
11:04 Feudal Age
12:17 Horse Collar
12:25 Double-Bit Axe
12:34 Gold Mining
12:35 Stone Mining
16:56 Wheelbarrow
20:25 Castle Age
21:19 Bow Saw
21:15 Heavy Plow
25:34 Imperial Age
24:30 Gambesons
24:45 Squires
24:31 Arson
25:07 Scale Mail Armor
25:17 Forging
25:54 Light Cavalry
28:22 Chain Mail Armor
33:23 Iron Casting
34:19 Plate Mail Armor
34:50 Blast Furnace
34:37 Pikeman
37:25 Hussar
38:26 Scale Barding Armor
39:38 Husbandry
39:49 Bloodlines
40:01 Chain Barding Armor
40:09 Halberdier
42:49 Hand Cart
45:36 Caravan
51:00 Stirrups
51:27 Conscription
54:48 Crop Rotation
57:02 Masonry
57:59 Ballistics
57:34 Murder Holes
58:13 Architecture
57:52 Bagains
59:12 Gold Shaft Mining
59:25 Coinage
58:57 Cavalier
61:09 Banking
61:48 Plate Barding Armor
65:29 Fletching
67:14 Bodkin Arrow
Hao
11:41 Feudal Age
15:17 Castle Age
13:07 Double-Bit Axe
14:39 Horse Collar
17:15 Bow Saw
18:59 Heavy Plow
18:51 Loom
34:11 Gold Mining
35:12 Marauders
36:31 Wheelbarrow
37:29 Gold Shaft Mining
37:50 Husbandry
38:05 Bloodlines
38:16 Scale Barding Armor
42:14 Chain Barding Armor
42:08 Forging
45:21 Hand Cart
58:59 Imperial Age
57:44 Iron Casting
60:01 Elite Tarkan
61:47 Plate Barding Armor
66:23 Guilds
75:34 Thumb Ring
75:29 Heavy Cavalry Archer
76:47 Parthian Tactics
76:36 Padded Archer Armor
76:42 Fletching
78:49 Leather Archer Armor
78:43 Bodkin Arrow
79:24 Caravan
80:26 Bracer
81:40 Light Cavalry
84:11 Blast Furnace
83:56 Ballistics
84:37 Chemistry
百岁山
10:59 Feudal Age
16:08 Castle Age
16:39 Horse Collar
19:52 Double-Bit Axe
20:21 Heavy Plow
20:49 Bow Saw
21:14 Fletching
21:25 Padded Archer Armor
23:22 Wheelbarrow
22:36 Loom
22:43 Gold Mining
22:51 Stone Mining
23:36 Ballistics
26:11 Hand Cart
28:15 Bodkin Arrow
30:13 Leather Archer Armor
32:37 Bloodlines
32:29 Husbandry
33:13 Scale Barding Armor
33:19 Forging
34:24 Chain Barding Armor
34:39 Iron Casting
35:57 Gold Shaft Mining
39:22 Imperial Age
36:40 Town Watch
38:12 Silk Armor
40:36 Ring Archer Armor
39:39 Elite Keshik
40:41 Conscription
39:52 Heavy Cavalry Archer
42:23 Elite Skirmisher
42:33 Elite Skirmisher
51:13 Crop Rotation
55:10 Plate Barding Armor
55:36 Blast Furnace
59:25 Fortified Wall
59:41 Guilds
62:18 Bracer
63:43 Chemistry
62:41 Murder Holes
请拨打110
10:28 Feudal Age
14:52 Castle Age
12:45 Double-Bit Axe
17:01 Bow Saw
17:46 Horse Collar
18:50 Heavy Plow
22:45 Wheelbarrow
26:10 Hand Cart
28:51 Husbandry
28:12 Light Cavalry
31:58 Gold Mining
31:59 Stone Mining
32:01 Loom
32:54 Scale Barding Armor
33:00 Forging
34:42 Chain Barding Armor
34:57 Iron Casting
37:04 Imperial Age
35:38 Gold Shaft Mining
35:37 Chain Barding Armor
35:53 Iron Casting
35:59 Iron Casting
36:27 Fletching
37:01 Bloodlines
37:10 Marauders
39:04 Conscription
39:36 Plate Barding Armor
39:06 Elite Tarkan
40:57 Blast Furnace
42:19 Caravan
45:03 Scale Mail Armor
51:24 Bodkin Arrow
51:45 Chain Mail Armor
51:01 Pikeman
51:42 Squires
69:17 Hussar
69:25 Halberdier
dean03110206
0:28 Loom
13:15 Feudal Age
15:41 Wheelbarrow
16:34 Double-Bit Axe
18:51 Castle Age
18:40 Horse Collar
25:34 Hand Cart
28:14 Scale Mail Armor
28:25 Forging
29:01 Heavy Plow
30:40 Iron Casting
30:21 Chain Mail Armor
33:58 Imperial Age
33:04 Fortified Wall
32:50 Pikeman
32:50 Man-at-Arms
33:17 Gambesons
34:34 Town Watch
34:23 Capped Ram
34:24 Heavy Scorpion
34:28 Onager
34:38 Long Swordsman
34:40 Halberdier
35:27 Siege Ram
37:12 Chemistry
36:07 Two-Handed Swordsman
37:49 Plate Mail Armor
37:42 Champion
39:31 Furor Celtica
58:42 Fletching
60:28 Elite Skirmisher
62:34 Blast Furnace
68:21 Bodkin Arrow
68:26 Padded Archer Armor
70:00 Guilds
70:20 Coinage
69:51 Caravan
75:54 Leather Archer Armor
76:56 Siege Engineers
79:07 Bow Saw
Solace.
11:05 Feudal Age
11:31 Man-at-Arms
12:02 Loom
12:11 Horse Collar
12:19 Double-Bit Axe
12:16 Long Swordsman
14:51 Arson
18:50 Pikeman
25:35 Forging
25:26 Scale Mail Armor
32:54 Castle Age
34:08 Halberdier
34:37 Gambesons
35:24 Elite Skirmisher
413401132
10:18 Feudal Age
10:57 Double-Bit Axe
10:54 Horse Collar
17:07 Gold Mining
16:57 Man-at-Arms
18:51 Scale Mail Armor
20:21 Wheelbarrow
20:23 Forging
20:56 Loom
21:08 Stone Mining
25:30 Castle Age
25:37 Capped Ram
28:08 Gold Shaft Mining
28:45 Hand Cart
29:09 Long Swordsman
32:27 Imperial Age
31:51 Bloodlines
32:53 Scale Barding Armor
33:24 Iron Casting
32:38 Cavalier
36:19 Conscription
36:35 Paladin
38:23 Masonry
38:37 Chain Barding Armor
39:18 Blast Furnace
39:12 Light Cavalry
40:59 Plate Barding Armor
40:51 Hussar
41:41 Heavy Plow
41:53 Bow Saw
41:45 Town Watch
42:08 Steppe Husbandry
44:25 Siege Ram
49:42 Pikeman
52:16 Chain Mail Armor
52:58 Squires
54:40 Halberdier
65:04 Two-Handed Swordsman
66:21 Crop Rotation
66:56 Two-Man Saw
79:11 Town Patrol
85:09 Plate Mail Armor
zh56956
11:19 Feudal Age
11:59 Double-Bit Axe
16:48 Castle Age
17:06 Horse Collar
17:59 Bow Saw
21:04 Wheelbarrow
22:44 Heavy Plow
24:07 Gold Mining
24:07 Stone Mining
25:39 Hand Cart
34:01 Imperial Age
34:12 Imperial Age
32:19 Silk Road
32:06 Caravan
36:05 Conscription
35:06 Elite Genoese Crossbowman
38:23 Stone Shaft Mining
38:05 Padded Archer Armor
37:55 Fletching
38:16 Forging
38:07 Scale Mail Armor
41:06 Leather Archer Armor
40:46 Bodkin Arrow
41:49 Squires
41:35 Arson
41:24 Capped Ram
44:33 Ring Archer Armor
44:03 Bracer
44:19 Chain Mail Armor
44:39 Iron Casting
49:20 Chemistry
48:40 Ballistics
48:31 Masonry
51:37 Plate Mail Armor
59:45 Pikeman
79:19 Architecture
78:31 Treadmill Crane
Connection lost

Rejoining the realm…

Still unreachable

The connection could not be restored.

Session expired

The server has moved on; the page needs a fresh start.